 Dungeon Crawl Stone Soup version 0.28.0-53-g5a82cb258f (webtiles) character file.

Game seed: 9214170759067260369

504 Plasmagod the Conjurer (level 6, -1/32 HPs)
             Began as a Deep Elf Conjurer on July 23, 2022.
             Was an Initiate of Vehumet.
             Slain by Grinder (6 damage)
             ... on level 4 of the Dungeon.
             The game lasted 00:07:12 (3860 turns).

Plasmagod the Conjurer (Deep Elf Conjurer)          Turns: 3860, Time: 00:07:13

Health: -1/32      AC:  2    Str:  4    XL:     6   Next: 96%
Magic:  10/16      EV: 12    Int: 25    God:    Vehumet [......]
Gold:   133        SH:  0    Dex: 13    Spells: 6/16 levels left

rFire   . . .      SeeInvis .   (no weapon)
rCold   . . .      Faith    .   (no shield)
rNeg    . . .      Spirit   .   a - +0 robe
rPois   .          Reflect  .   (no helmet)
rElec   .          Harm     +   k - scarf {harm}
rCorr   .          Rampage  .   (no gloves)
Will    +....                   (no boots)
Stlth   ++........              l - amulet of magic regeneration
HPRegen 0.10/turn               m - ring of willpower
MPRegen 0.55/turn               (no ring)

@: no status effects
A: no striking features
a: Renounce Religion


You were on level 4 of the Dungeon.
You worshipped Vehumet.
Vehumet was noncommittal.
You visited 1 branch of the dungeon, and saw 4 of its levels.

You collected 133 gold pieces.

Inventory:

Armour
 a - a +0 robe (worn)
 h - a scarf of invisibility
 k - a scarf of harm (worn)
Jewellery
 l - an amulet of magic regeneration (around neck)
 m - a ring of willpower (left hand)
Wands
 j - a wand of polymorph (13)
Scrolls
 b - a scroll of fog {unknown}
 c - a scroll of brand weapon {unknown}
 d - a scroll of torment {unknown}
 e - 2 scrolls of immolation {unknown}
 o - a scroll of enchant weapon {unknown}
 r - a scroll of amnesia {unknown}
Potions
 f - a potion of degeneration {unknown}
 g - 2 potions of mutation {unknown}
 i - 2 potions of curing {unknown}
 n - 2 potions of lignification {unknown}
 p - 2 potions of attraction {unknown}
 q - 2 potions of might {unknown}
 s - a potion of haste {unknown}
 t - a potion of berserk rage {unknown}


   Skills:
 + Level 0.2 Fighting
 + Level 2.8 Dodging
 + Level 3.2 Stealth
 + Level 5.7 Spellcasting
 + Level 6.9 Conjurations
 * Level 4.0 Hexes


You had 6 spell levels left.
You knew the following spells:

 Your Spells              Type           Power      Damage    Failure   Level
a - Magic Dart            Conj           100%       1d8       1%          1
b - Searing Ray           Conj           82%        2d7       1%          2
c - Dazzling Flash        Conj/Hex       68%        N/A       2%          3
d - Fulminant Prism       Conj/Hex       17%        3d11      8%          4

Your spell library contained the following spells:

 Spells                   Type           Power      Damage    Failure   Level
 Iskenderun's Mystic Bla  Conj/Tloc      24%        2d7       19%         4


Dungeon Overview and Level Annotations

Branches:
Dungeon (4/15)
 Temple: D:4-7

Altars:
Ru
Vehumet

Annotations:
D:4 Grinder


Message History

Vehumet accepts your kill.
Things that are here:
a +0 dagger; a goblin corpse
t - a smoky brown potion
Things that are here:
a +0 dagger; a goblin corpse Grinder comes into view.
She is carrying a wand of digging (6).
Grinder shouts!
Casting: Magic Dart (safe; 1% risk of failure)
Confirm with . or Enter, or press ? or * to list all spells.
Aiming: Searing Ray (safe; 1% risk of failure)
Press: ? - help, Shift-Dir - straight line, f - Grinder
Aim: Grinder, carrying a wand of digging (6) (80% to hit)
The searing ray hits Grinder.
Grinder is lightly wounded. (Press . to maintain the ray.)
The searing ray hits Grinder!
Grinder is heavily wounded.
The searing ray hits Grinder!
Grinder is severely wounded.
Grinder hits you.
You writhe in agony.
The searing ray hits Grinder.
Grinder is almost dead.
You finish channelling your searing ray.
Grinder hits you.
You writhe in agony.
Casting: Searing Ray (safe; 1% risk of failure)
Confirm with . or Enter, or press ? or * to list all spells.
Casting: Dazzling Flash (dangerous; 2% risk of failure)
Press: ? - help, Dir - look around, f - activate Grinder is dazzled.
Grinder gestures at you. Pain shoots through your body!
* * * LOW HITPOINT WARNING * * *
Aiming: Magic Dart (safe; 1% risk of failure)
Press: ? - help, Q - select action, (/) - cycle Shift-Dir - straight line, f - Grinder
Aim: Grinder, carrying a wand of digging (6) (almost dead, blind, 100% to hit)
The magic dart hits Grinder.
Grinder is almost dead.
Grinder hits you.
You die...

# ##.## #...#..## #..# ##.
##..## ##.....## #..###..
#....####...#..# #....#.
####.....##...##..# ##..###
#............###..# ##...#
..............##..########....#
..###.....#....[..............#
### ##..######.............#..#
##..# ###@..........#..# #..##
#5..........#...# ##..#
...#............# #..#
...####............ ##.# #..##
#..####...... ### ..# #†.#
##..## ..# #..### .... ..#
##..).####.... #.............


You could see Grinder (blind).

Vanquished Creatures
  An ice beast (D:4)
  An ogre (D:4)
  A necrophage (D:4)
  A bullfrog zombie (D:3)
  2 orc wizards (D:3)
  3 gnolls (D:2)
  6 adders
  A worm (D:4)
  2 dart slugs
  7 orcs
  A bat (D:2)
  4 endoplasms
  A giant cockroach (D:2)
  6 goblins
  6 hobgoblins
  4 jackals (D:1)
  4 quokkas
  2 ball pythons (D:4)
  A frilled lizard (D:2)
  6 kobolds
  6 rats
66 creatures vanquished.

Notes
Turn   | Place    | Note
-------+----------+-------------------------------------------
     0 | D:1      | Plasmagod the Deep Elf Conjurer began the quest for the
                  | Orb.
     0 | D:1      | Reached XP level 1. HP: 10/10 MP: 6/6
   179 | D:1      | Reached XP level 2. HP: 15/15 MP: 0/8
   327 | D:1      | You fall into a shaft and drop 1 floor!
   340 | D:2      | Learned a level 2 spell: Searing Ray
   469 | D:2      | Reached skill level 5 in Conjurations
   534 | D:2      | Reached XP level 3. HP: 19/19 MP: 6/10
   909 | D:2      | Reached XP level 4. HP: 24/24 MP: 1/11
  1403 | D:2      | Learned a level 3 spell: Dazzling Flash
  1558 | D:3      | Reached skill level 1 in Hexes
  1725 | D:3      | Reached skill level 6 in Conjurations
  1926 | D:3      | Found a sacrificial altar of Ru.
  1999 | D:3      | Reached XP level 5. HP: 27/28 MP: 9/13
  2866 | D:4      | Noticed an ogre
  2871 | D:4      | Killed an ogre
  2872 | D:4      | Reached skill level 5 in Spellcasting
  2872 | D:4      | Reached XP level 6. HP: 32/32 MP: 10/15
  2877 | D:4      | Learned a level 4 spell: Fulminant Prism
  2934 | D:4      | Noticed an ice beast
  2943 | D:4      | Killed an ice beast
  3667 | D:4      | Found a radiant altar of Vehumet.
  3672 | D:4      | Became a worshipper of Vehumet
  3854 | D:4      | Noticed Grinder
  3860 | D:4      | Slain by Grinder

Illustrated notes

Levels and vault maps discovered:
D:1:      kennysheep_arrival_seaside, layout_loops_ring,
          ebering_ecumenical_altar_sacrificial
D:2:      layout_basic
D:3:      layout_basic, mainiacjoe_overflow_alcove_4
D:4:      layout_layer_cave, mainiacjoe_overflow_alcove_2, corexii_checkpoint_b,
          chequers_arboretum, uniq_grinder

Skill      XL: |  1  2  3  4  5  6 |
---------------+-------------------+-----
Conjurations   | 5 6 |  6.9
Spellcasting   | 4 5 |  5.7
Hexes          | 1 2 4 |  4.0
Stealth        | 3 |  3.2
Fighting       | |  0.2
Dodging        | |  2.8

Action                   |  1- 3 |  4- 6 || total
-------------------------+-------+-------++-------
 Cast: Magic Dart        |    44 |    80 ||   124
       Searing Ray       |     2 |     8 ||    10
       Dazzling Flash    |       |     1 ||     1
Armor: Robe              |       |     2 ||     2
Dodge: Dodged            |     1 |     6 ||     7
